 Dungeon Crawl Stone Soup version 0.29-a0-721-g7f417c9bbb (webtiles) character file.

Game seed: 12949656515431687748

297 marklar909 the Chopper (level 6, -1/51 HPs)
             Began as a Palentonga Fighter on June 27, 2022.
             Slain by a gnoll
             ... wielding a +0 halberd
             ... led by a gnoll shaman
              (11 damage)
             ... on level 5 of the Dungeon.
             The game lasted 00:09:45 (2982 turns).

marklar909 the Chopper (Palentonga Fighter)         Turns: 2982, Time: 00:09:47

Health: -1/51      AC:  6    Str: 19    XL:     6   Next: 12%
Magic:  6/6        EV:  7    Int:  8    God:
Gold:   181        SH:  4    Dex: 12    Spells: 5/5 levels left

rFire   + . .      SeeInvis +   r - +0 hand axe (vorpal)
rCold   . . .      Faith    .   c - +0 buckler
rNeg    . . .      Spirit   .   b - +0 scale mail
rPois   .          Reflect  .   (no helmet)
rElec   .          Harm     .   (no cloak)
rCorr   +          Rampage  .   (no gloves)
Will    .....                   (no barding)
Stlth   +.........              (no amulet)
HPRegen 0.17/turn               s - ring of resist corrosion
MPRegen 0.10/turn               p - ring "Wanatsa" {Fly rF+ Stlth+}

@: weak-willed, flying
A: large, rugged brown scales 3, see invisible, deformed body, roll 1, armoured
tail
a: Rolling Charge


You were on level 5 of the Dungeon.
You visited 1 branch of the dungeon, and saw 5 of its levels.

You collected 181 gold pieces.

Inventory:

Hand Weapons
 a - a +0 war axe
 r - a +0 vorpal hand axe (weapon)
Armour
 b - a +0 scale mail (worn)
 c - a +0 buckler (worn)
 d - a +0 plate armour
Jewellery
 p - the ring "Wanatsa" (right hand) {Fly rF+ Stlth+}
   (You found it on level 3 of the Dungeon)

   [ring of flight]

   rF:        It protects you from fire.
   Fly:       It grants you flight.
   Stlth:     It makes you more stealthy.
 s - a ring of resist corrosion (left hand)
Potions
 e - a potion of lignification {unknown}
 g - a potion of resistance
 i - a potion of curing
 k - a potion of mutation {unknown}
 l - a potion of heal wounds
 m - 2 potions of flight {unknown}
 o - 2 potions of attraction {unknown}


   Skills:
 + Level 3.7 Fighting
 + Level 4.5 Axes
 + Level 3.4 Armour
 + Level 1.0 Dodging
 + Level 0.5 Stealth
 + Level 3.1 Shields


You had 5 spell levels left.
You didn't know any spells.
Your spell library contained the following spells:

 Spells                   Type           Power      Damage    Failure   Level
 Portal Projectile        Hex/Tloc       0%         N/A       99%         3
 Tukima's Dance           Hex            0%         N/A       99%         3
 Blade Hands              Tmut           0%         N/A       100%        5
 Chain Lightning          Conj/Air       0%         N/A       100%        9
 Fire Storm               Conj/Fire      0%         5d1       100%        9
 Shatter                  Erth           0%         3d5*      100%        9


Dungeon Overview and Level Annotations

Branches:
Dungeon (5/15)
 Temple: D:4-7

Altars:
Makhleb


Innate Abilities, Weirdness & Mutations

You are completely covered in rugged brown scales. (AC +3, +7% HP)
You have supernaturally acute eyesight. (SInv)
Armour fits poorly on your strangely shaped body.
You can roll at nearby foes to attack.
You have a long armoured tail.


Message History

The orc wizard hits you but does no damage.
The orc closely misses you. The orc attacks as you move away!
The orc barely misses you. The orc attacks as you move away!
The orc hits you with a +0 club.
* * * LOW HITPOINT WARNING * * *
The orc wizard hits you but does no damage.
The orc wizard attacks as you move away!
You block the orc wizard's attack.
Your surroundings suddenly seem different.
An orc and an ogre come into view.
Found a scroll labelled EKHLOI LEOSI and 2 smoky green potions.
Found an escape hatch in the floor.
The ogre shouts!
Found a burning altar of Makhleb.
A gnoll comes into view. It is wielding a +0 halberd.
The gnoll shouts!
You hear a shout! x2
A gnoll comes into view. It is wielding a +0 spear.
A gnoll shaman and a gnoll come into view.
The gnoll shaman shouts!
The gnoll shouts!
The gnoll hits you from afar with a +0 spear.
* * * LOW HITPOINT WARNING * * *
The gnoll moves out of view.
As you read the scroll labelled OTA MARIAMIDIM, it crumbles to dust.
You assume a fearsome visage.
The gnoll shaman looks frightened!
The gnoll looks frightened! x2; The orc looks frightened!
It was a scroll of fear.
This is a scroll of acquirement!
Something appears at your feet!
As you read the scroll labelled WUEBUW JISCH, it crumbles to dust.
Your attack snaps the gnoll out of its fear. x2
Your attack snaps the gnoll shaman out of its fear.
Magic quickly surges around you.
It was a scroll of vulnerability.
The gnoll hits you with a +0 flail.
* * * LOW HITPOINT WARNING * * *
It was a potion of heal wounds.
You feel much better. The ogre hits you with a +0 giant club!
The gnoll hits you with a +0 flail. The ogre attacks as you move away!
The ogre hits you with a +0 giant club!
* * * LOW HITPOINT WARNING * * *
The gnoll hits you from afar with a +0 halberd!
You die...

.. #. #.########
.........
....g.... ...
#..g..... ⌠.._.
#..g..... .....##
#####@.......
......>##
#..O[g#######
........####.#####
.....!...#...#
..........o###
.........###
.........#
.........#
.........#


You could see an ogre (weak-willed), a gnoll shaman (weak-willed) and 3 gnolls.

Vanquished Creatures
  An orc warrior (D:5)
  An orc priest (D:5)
  A hound (D:4)
  An iguana (D:4)
  5 adders
  4 worms (D:2)
  A dart slug (D:2)
  8 orcs
  3 giant cockroaches
  4 goblins
  6 hobgoblins
  2 jackals (D:4)
  2 quokkas
  4 ball pythons
  7 bats
  4 frilled lizards
  4 kobolds
  6 rats
64 creatures vanquished.

Vanquished Creatures (others)
  3 plants (D:1)
3 creatures vanquished.

Grand Total: 67 creatures vanquished

Notes
Turn   | Place    | Note
-------+----------+-------------------------------------------
     0 | D:1      | marklar909 the Palentonga Fighter began the quest for the
                  | Orb.
     0 | D:1      | Reached XP level 1. HP: 19/19 MP: 1/1
   233 | D:1      | Found a faded altar of an unknown god.
   240 | D:1      | Reached XP level 2. HP: 24/25 MP: 2/2
   806 | D:2      | Reached XP level 3. HP: 31/31 MP: 3/3
  1677 | D:3      | Reached XP level 4. HP: 31/37 MP: 4/4
  1835 | D:3      | Reached skill level 3 in Axes
  1988 | D:3      | Identified the ring "Wanatsa" {Fly rF+ Stlth+}
  2458 | D:4      | Reached XP level 5. HP: 43/43 MP: 5/5
  2793 | D:4      | You are sucked into a shaft and drop 1 floor!
  2793 | D:5      | Entered Level 5 of the Dungeon
  2830 | D:5      | Noticed an orc warrior
  2869 | D:5      | Killed an orc warrior
  2870 | D:5      | Reached skill level 4 in Axes
  2873 | D:5      | Reached XP level 6. HP: 10/51 MP: 6/6
  2892 | D:5      | Reached skill level 1 in Dodging
  2965 | D:5      | Found a burning altar of Makhleb.
  2979 | D:5      | Identified a scroll of acquirement
  2979 | D:5      | Acquired the +0 pair of gloves of the Eternal Void {Harm
                  | rPois Dex-3 Slay+2}
  2982 | D:5      | Slain by a gnoll

Illustrated notes

Levels and vault maps discovered:
D:1:      wander_arrival_lonely_grave, layout_basic,
          ebering_ecumenical_altar_box, supply_closet_lemuel,
          serial_bayou_ford_a, minmay_tree_intersection
D:2:      layout_loops_ring
D:3:      layout_rooms
D:4:      layout_rooms
D:5:      layout_rooms, grunt_temple_overflow_open, nrook_mini_backslash,
          nicolae_elevator_lobby_asterisk, uniq_blork_the_orc

Skill      XL: |  1  2  3  4  5  6 |
---------------+-------------------+-----
Shields        | 3 |  3.1
Axes           | 3 4 |  4.5
Armour         | 3 |  3.4
Dodging        | 1 |  1.0
Fighting       | |  3.7
Stealth        | |  0.5

Action                   |  1- 3 |  4- 6 || total
-------------------------+-------+-------++-------
Melee: War axe           |    99 |    15 ||   114
       Tailslap          |     8 |    10 ||    18
       Hand axe          |       |    61 ||    61
 Abil: Rolling Charge    |    18 |    12 ||    30
  Use: Scroll            |     2 |     6 ||     8
       Potion            |       |     5 ||     5
Armor: Scale mail        |    50 |    35 ||    85
Dodge: Dodged            |    35 |    30 ||    65
Block: Buckler           |    16 |    14 ||    30

Table legend: (Time is in decaauts)
 A = Elapsed time spent in this place.
 B = Non-inter-level travel time spent in this place.
 C = Inter-level travel time spent in this place.
 D = Time resting spent in this place.
 E = Time spent auto-exploring this place.
 F = Levels seen in this place.
 G = Mean time per level.
                   A        B        C        D        E       F      G
               +--------+--------+--------+--------+--------+-----+--------+
         Total |   3048 |   2879 |    169 |    503 |   1845 |   5 |  609.6 |
       Dungeon |   3048 |   2879 |    169 |    503 |   1845 |   5 |  609.6 |
               +--------+--------+--------+--------+--------+-----+--------+

Top non-repeatable levels by time:
     D:2: 937 daAuts
     D:1: 820 daAuts
     D:3: 656 daAuts
     D:4: 443 daAuts
     D:5: 190 daAuts
